 Dungeon Crawl Stone Soup version 0.18-a0-1308-g45b86c9 (webtiles) character file.

1340 KarvaRausku the Skirmisher (level 8, -13/65 HPs)
             Began as a Formicid Fighter on Feb 13, 2016.
             Was an Initiate of Okawaru.
             Mangled by a hill giant
             ... wielding a +0 giant club
              (22 damage)
             ... in the Ecumenical Temple.
             The game lasted 00:32:36 (5681 turns).

KarvaRausku the Skirmisher (Formicid Fighter)       Turns: 5681, Time: 00:32:36

Health: -13/65     AC: 10    Str: 28    XL:     8   Next: 93%
Magic:  8/8        EV: 11    Int:  8    God:    Okawaru [......]
Gold:   178        SH: 11    Dex: 10    Spells: 0 memorised, 7 levels left

rFire  . . .     SeeInvis +     a - +0 long sword
rCold  . . .     Gourm    .     l - -2 chain mail (curse)
rNeg   . . .     Faith    .     c - +0 shield
rPois  .         Spirit   .     (helmet unavailable)
rElec  .         Dismiss  .     (no cloak)
rCorr  .         Reflect  .     v - +1 pair of gloves
SustAt .         Harm     .     (no boots)
MR     .....                    (no amulet)
Stlth  ..........               y - ring of wizardry
                                p - +2 ring of evasion

@: mighty, not resistant to hostile enchantments, extremely unstealthy
A: permanent stasis, dig shafts and tunnels, four strong arms, antennae 3
a: Dig, Shaft Self, Renounce Religion


You were in the Ecumenical Temple.
You worshipped Okawaru.
Okawaru was noncommittal.
You were not hungry.

You visited 2 branches of the dungeon, and saw 6 of its levels.
You also visited: Sewer.

You collected 178 gold pieces.

Inventory:

Hand Weapons
 a - a +0 long sword (weapon)
 o - a +0 mace
Armour
 c - a +0 shield (worn)
 l - a cursed -2 chain mail (worn)
 u - a +0 scale mail
 v - a +1 pair of gloves (worn)
 E - a +0 ring mail
 J - a +3 leather armour of cold resistance
Jewellery
 g - an uncursed ring of protection from fire {unknown}
 p - a +2 ring of evasion (left hand)
 w - an uncursed ring of resist corrosion {unknown}
 y - a ring of wizardry (right hand)
 F - a cursed ring of teleportation {unknown}
Wands
 C - a wand of lightning (2/15)
 I - a wand of digging (0/24)
Scrolls
 e - 4 scrolls of remove curse {unknown}
 j - 3 scrolls of identify
 n - a scroll of magic mapping {unknown}
 s - a scroll of recharging {unknown}
 t - a scroll of immolation {unknown}
 z - a scroll of random uselessness {unknown}
 B - a scroll of amnesia {unknown}
 G - a scroll of blinking {unknown}
Potions
 b - 6 potions of curing {unknown}
 d - 2 potions of might
 h - a potion of heal wounds {unknown}
 k - a potion of lignification {unknown}
 m - 2 potions of haste {unknown}
 q - 2 potions of flight
 r - a potion of resistance {unknown}
 D - a potion of cure mutation {unknown}
Books
 A - a book of Ice

   Spells                             Type                      Level
   a - Ice Form                       Ice/Transmutation            4
   b - Metabolic Englaciation         Hexes/Ice                    5
   c - Ozocubu's Refrigeration        Ice                          6
   d - Bolt of Cold                   Conjuration/Ice              6
   e - Freezing Cloud                 Conjuration/Ice/Air          6
   f - Simulacrum                     Ice/Necromancy               6
Comestibles
 f - 3 bread rations
 i - 3 meat rations
 x - a slice of pizza


   Skills:
 + Level 6.6 Fighting
 + Level 5.6 Long Blades
 + Level 5.2 Armour
 + Level 3.4 Dodging
 + Level 6.1 Shields


You had 7 spell levels left.
You didn't know any spells.

Dungeon Overview and Level Annotations

Branches:
Dungeon (5/15)             Temple (1/1) D:5

Altars:
Dithmenos
Elyvilon
Gozag
Okawaru
Pakellas
Ru
Sif Muna
Trog
Xom
Yredelemnul
Zin


Innate Abilities, Weirdness & Mutations

You are under a permanent stasis effect.
You can dig through walls and to a lower floor.
Your four strong arms can wield two-handed weapons with a shield.
You have a pair of large antennae on your head (SInv).


Message History

Okay, then.
You completely miss the hill giant. The hill giant closely misses you.
You slash the hill giant!
The hill giant is lightly wounded.
The hill giant hits you with a giant club!!
You slash the hill giant!
The hill giant is moderately wounded.
You block the hill giant's attack.
You hit the hill giant.
The hill giant is heavily wounded.
The hill giant hits you with a giant club!!
* * * LOW HITPOINT WARNING * * *
You are too injured to fight recklessly!
Drink which item? (? for menu, Esc to quit)
You feel very mighty all of a sudden. The hill giant closely misses you.
You hit the hill giant.
The hill giant is heavily wounded.
The hill giant hits you with a giant club!!
You die...

########## .........#####
.............####
...⌠............###
.........._.......###
................@...##
#######........C.....##
#≈≈≈≈≈####............##
≈≈≈≈≈≈≈≈≈###...........#
≈≈≈≈≈≈≈≈≈≈≈##....._....##
≈≈≈≈ ≈≈≈≈≈≈≈##..........#
≈≈ ≈≈≈≈≈≈≈#..........#
≈≈≈≈≈≈#.....⌠....# ≈
≈≈≈≈≈≈≈≈#..........#


You could see a hill giant.

Vanquished Creatures
  Eustachio (D:5)
  Menkaure (D:5)
  Duvessa (D:4)
  An ogre (D:4)
  A centaur (D:4)
  2 giant frogs (Sewer)
  Dowan (D:4)
  2 orc priests
  A hound (D:5)
  A gnoll shaman (D:4)
  A centaur skeleton (D:4)
  2 iguanas (D:4)
  2 orc wizards
  2 worker ants
  8 adders
  11 gnolls
  2 oozes (D:2)
  8 worms
  12 giant geckos
  13 orcs
  7 bats
  10 giant cockroaches
  10 hobgoblins
  2 jackals (D:4)
  A quokka (D:2)
  6 ball pythons (Sewer)
  13 giant newts
  7 goblins
  7 kobolds
  9 rats
145 creatures vanquished.

Notes
Turn   | Place    | Note
--------------------------------------------------------------
     0 | D:1      | KarvaRausku the Formicid Fighter began the quest for the Orb.
     0 | D:1      | Reached XP level 1. HP: 18/18 MP: 1/1
   243 | D:1      | Reached XP level 2. HP: 22/24 MP: 2/2
   807 | D:1      | Reached XP level 3. HP: 26/30 MP: 3/3
   919 | D:2      | Reached skill level 4 in Fighting
  1037 | D:2      | Reached XP level 4. HP: 24/37 MP: 4/4
  1793 | D:3      | Reached XP level 5. HP: 43/43 MP: 5/5
  1838 | D:2      | Reached skill level 5 in Fighting
  2176 | D:3      | Reached XP level 6. HP: 38/51 MP: 6/6
  2286 | D:3      | Reached skill level 1 in Dodging
  3080 | D:4      | Noticed an ogre
  3118 | D:4      | Killed an ogre
  3118 | D:4      | Reached XP level 7. HP: 25/56 MP: 7/7
  3209 | D:4      | Found a glowing drain.
  3234 | Sewer    | Entered a sewer
  3614 | D:4      | Reached skill level 5 in Shields
  3637 | D:4      | Found a shadowy altar of Dithmenos.
  3845 | D:4      | Found a bloodstained altar of Trog.
  3918 | D:4      | Found a sacrificial altar of Ru.
  4140 | D:4      | Reached skill level 5 in Long Blades
  4140 | D:4      | Reached XP level 8. HP: 64/64 MP: 8/8
  4322 | D:4      | Noticed Duvessa
  4323 | D:4      | Noticed Dowan
  4698 | D:4      | Killed Duvessa
  4698 | D:4      | Reached skill level 6 in Fighting
  4699 | D:4      | Killed Dowan
  4792 | D:5      | Entered Level 5 of the Dungeon
  4801 | D:5      | Noticed Eustachio
  4843 | D:5      | Killed Eustachio
  4973 | D:5      | Found a staircase to the Ecumenical Temple.
  4976 | D:5      | Noticed Menkaure
  5233 | D:4      | Reached skill level 5 in Armour
  5378 | D:5      | Killed Menkaure
  5565 | D:5      | Noticed a hill giant
  5590 | Temple   | Entered the Ecumenical Temple
  5628 | Temple   | Became a worshipper of Warmaster Okawaru
  5681 | Temple   | Mangled by a hill giant

Vault maps used:
D:1:      lightli_arrival_maybe_door_vault
D:3:      minmay_goblin_kobold_house
D:4:      overflow_temple_1_default, lightli_temple_of_fire, kennysheep_mini,
          portal_sewer_entry_e, minmay_lizard_king, uniq_duvessa
D:5:      gammafunk_temple_overflow_elements, minmay_temple_entry_purple_smoke,
          basic_altar, first_bread, uniq_eustachio, uniq_menkaure
Temple:   circular_temple_pool_8
Sewer:    sewer_frog_island_01

Action                   |  1- 3 |  4- 6 |  7- 9 || total
-------------------------+-------+-------+-------++-------
Melee: Long sword        |   117 |   241 |   308 ||   666
Throw: Throwing net      |       |     1 |       ||     1
 Abil: Dig               |       |     1 |     1 ||     2
Evoke: Wand              |       |       |     2 ||     2
  Use: Scroll            |       |     4 |       ||     4
       Potion            |       |       |     1 ||     1
  Eat: Chunk             |       |     7 |    10 ||    17
